 Dungeon Crawl Stone Soup version 0.23-a0-329-g6f3f904 (webtiles) character file.

515 galech the Chopper (level 7, -4/55 HPs)
             Began as a Demonspawn Fighter on Oct 16, 2018.
             Was a Follower of Okawaru.
             Slain by Grinder (5 damage)
             ... on level 4 of the Dungeon.
             The game lasted 00:04:13 (3301 turns).

galech the Chopper (Demonspawn Fighter)             Turns: 3301, Time: 00:04:13

Health: -4/55      AC: 12    Str: 16    XL:     7   Next: 0%
Magic:  0/7        EV: 10    Int:  9    God:    Okawaru [*.....]
Gold:   185        SH: 10    Dex: 20    Spells: 6/6 levels left

rFire    . . .     SeeInvis .   a - +0 war axe
rCold    . . .     Gourm    .   c - +0 shield
rNeg     . . .     Faith    .   m - +0 chain mail
rPois    .         Spirit   +   (no helmet)
rElec    .         Reflect  .   h - scarf {Spirit}
rCorr    .         Harm     .   (no gloves)
MR       .....                  (no boots)
Stlth    ..........             n - amulet of rage
HPRegen  0.18/turn              (no ring)
MPRegen  0.10/turn              (no ring)

@: agile
A: claws 1, icy blue scales 2, powered by pain 1
a: Heroism, Renounce Religion, Evoke Berserk Rage


You were on level 4 of the Dungeon.
You worshipped Okawaru.
Okawaru was aware of your devotion.
You were not hungry.

You visited 1 branch of the dungeon, and saw 4 of its levels.

You collected 185 gold pieces.

Inventory:

Hand Weapons
 a - a +0 war axe (weapon)
Armour
 c - a +0 shield (worn)
 h - a scarf of spirit shield (worn)
 m - a +0 chain mail (worn)
Jewellery
 n - an amulet of rage (around neck)
Scrolls
 b - a scroll of teleportation {unknown}
 e - 3 scrolls of enchant weapon {unknown}
 g - 3 scrolls of identify {unknown}
 i - a scroll of remove curse {unknown}
 j - 2 scrolls of magic mapping {unknown}
 l - a scroll of blinking {unknown}
Potions
 d - 2 potions of might
 o - a potion of mutation {unknown}
Comestibles
 f - 5 rations
 k - 2 chunks of flesh


   Skills:
 + Level 4.3 Fighting
 + Level 4.4 Axes
 + Level 3.8 Armour
 + Level 1.0 Dodging
 + Level 4.1 Shields


You had 6 spell levels left.
You didn't know any spells.
Your spell library was empty.

Dungeon Overview and Level Annotations

Branches:
Dungeon (4/15)
 Temple: D:4-7

Altars:
Ashenzari
Cheibriados
Dithmenos
Okawaru
Trog

Annotations:
D:4 Grinder


Innate Abilities, Weirdness & Mutations

You have sharp fingernails.
You are mostly covered in icy blue scales. (AC +3)
You sometimes gain a little power by taking damage.


Message History

Some of the chunks of flesh in your inventory have rotted away.
You barely miss Grinder.
Grinder is almost dead.
Grinder gestures at you.
You suddenly lose the ability to move!
Grinder hits you but does no damage. Grinder hits you.
* * * LOW HITPOINT WARNING * * *
You writhe in agony.
* * * LOW HITPOINT WARNING * * *
Grinder barely misses you.
You can move again.
You hit Grinder but do no damage.
Grinder is almost dead.
Grinder gestures at you. You resist with significant effort.
You closely miss Grinder.
Grinder is almost dead.
Grinder hits you.
You die...

# #.####..##. #.
#....#..##.
#.###....##.##.
#...#.....#.##.
#...##.....#. #
#...'...##ยง#
#.########...##.##
...
#.........#####.#
#.. #....@....#
#.####..
#.?..5....#
#......>
#......%..#
########
##........#
#........#
##.........
#..........#
#..........#
##'#'#.....#


You could see Grinder.

Vanquished Creatures
  An ogre (D:3)
  A scorpion (D:4)
  A hound (D:4)
  An orc priest (D:2)
  A bullfrog skeleton (D:4)
  A centaur skeleton (D:4)
  Natasha (thrice) (D:4)
  2 worker ants (D:4)
  4 adders (D:3)
  A gnoll (D:1)
  2 oozes
  2 worms
  6 leopard geckos
  3 orcs (D:3)
  3 ball pythons
  3 bats
  3 giant cockroaches
  4 goblins
  5 hobgoblins
  8 jackals
  4 quokkas
  2 frilled lizards
  A jackal skeleton (D:4)
  11 kobolds
  6 rats
79 creatures vanquished.

Notes
Turn   | Place    | Note
-------+----------+-------------------------------------------
     0 | D:1      | galech the Demonspawn Fighter began the quest for the Orb.
     0 | D:1      | Reached XP level 1. HP: 18/18 MP: 1/1
   115 | D:1      | Gained mutation: You are partially covered in icy blue
                  | scales. (AC +2) [demonic ancestry]
   115 | D:1      | Reached XP level 2. HP: 19/24 MP: 2/2
   608 | D:2      | Gained mutation: You have sharp fingernails. [demonic
                  | ancestry]
   608 | D:2      | Reached XP level 3. HP: 15/29 MP: 3/3
  1103 | D:2      | Found an iron altar of Okawaru.
  1107 | D:2      | Became a worshipper of Warmaster Okawaru
  1113 | D:2      | Found a shattered altar of Ashenzari.
  1121 | D:2      | Found a shadowy altar of Dithmenos.
  1133 | D:2      | Found a bloodstained altar of Trog.
  1439 | D:2      | Gained mutation: You are mostly covered in icy blue scales.
                  | (AC +3) [demonic ancestry]
  1439 | D:2      | Reached XP level 4. HP: 6/37 MP: 4/4
  2091 | D:3      | Gained mutation: You sometimes gain a little power by
                  | taking damage. [demonic ancestry]
  2091 | D:3      | Reached XP level 5. HP: 42/42 MP: 5/5
  2422 | D:3      | Found a snail-covered altar of Cheibriados.
  2606 | D:4      | Noticed Natasha
  2613 | D:4      | Killed Natasha
  2644 | D:4      | Reached * piety under Okawaru
  2723 | D:4      | Noticed an ogre
  2743 | D:3      | Killed an ogre
  2743 | D:3      | Reached XP level 6. HP: 4/48 MP: 6/6
  3057 | D:4      | Noticed Natasha
  3073 | D:4      | Killed Natasha
  3073 | D:4      | Reached skill level 1 in Dodging
  3082 | D:4      | Noticed Grinder
  3152 | D:4      | Noticed Natasha
  3167 | D:4      | Killed Natasha
  3269 | D:4      | Reached XP level 7. HP: 52/55 MP: 7/7
  3274 | D:4      | Paralysed by Grinder for 5 turns
  3292 | D:4      | HP: 2/55 [Grinder (3)]
  3296 | D:4      | Paralysed by Grinder for 4 turns
  3298 | D:4      | HP: 1/55 [Grinder (2)]
  3301 | D:4      | Slain by Grinder

Vault maps used:
D:1:      saegor_arrival_under_anarchy
D:2:      grunt_temple_overflow_cloverleaf, st_stairs_7
D:3:      cheibriados_altar_1, chequers_serial_rivers_small_a
D:4:      lemuel_doored_altar, uniq_grinder, uniq_natasha

Skill      XL: |  1  2  3  4  5  6 |
---------------+-------------------+-----
Armour         | 3 |  3.8
Shields        | 3 4 |  4.1
Axes           | 2 3 4 |  4.4
Fighting       | 4 |  4.3
Dodging        | 1 |  1.0

Action                   |  1- 3 |  4- 6 |  7- 9 || total
-------------------------+-------+-------+-------++-------
Melee: War axe           |   146 |   241 |    21 ||   408
Invok: Heroism           |       |       |     1 ||     1
  Use: Potion            |       |     3 |       ||     3
  Eat: Chunk             |     2 |     7 |       ||     9
Armor: Scale mail        |    80 |       |       ||    80
       Chain mail        |    26 |   173 |     9 ||   208
Dodge: Dodged            |    40 |    56 |     4 ||   100
Block: Shield            |   100 |   130 |     4 ||   234

Table legend:
 A = Non-vault XP
 B = Vault XP
 C = Vault XP percentage of total XP
 D = Non-vault monster count
 E = Vault monster count
 F = Vault count percentage of total count
                 A         B        C        D         E       F
            +---------+---------+-------+---------+---------+-------
      Total |     697 |      39 |   5.3 |      76 |       3 |   3.8
            +---------+---------+-------+---------+---------+-------
        D:1 |      36 |       0 |   0.0 |      15 |       0 |   0.0
        D:2 |      89 |       4 |   4.3 |      22 |       2 |   8.3
        D:3 |     233 |       0 |   0.0 |      28 |       0 |   0.0
        D:4 |     339 |      35 |   9.4 |      11 |       1 |   8.3
            +---------+---------+-------+---------+---------+-------
